 Dungeon Crawl Stone Soup version 0.20.0-9-g8272e65 (webtiles) character file.

396 Chiseanne the Skirmisher (level 6, -6/84 HPs)
             Began as a Minotaur Fighter on June 3, 2017.
             Mangled by a mummy (10 damage)
             ... in an ossuary.
             The game lasted 00:04:33 (2611 turns).

Chiseanne the Skirmisher (Minotaur Fighter)         Turns: 2611, Time: 00:04:33

Health: -6/84      AC: 23    Str: 21    XL:     6   Next: 52%
Magic:  5/5        EV:  2    Int:  5    God:
Gold:   233        SH: 10    Dex: 11    Spells: 5/5 levels left

rFire    . . .     SeeInvis .   a - +1 war axe
rCold    . . .     Gourm    .   c - +0 shield
rNeg     + + +     Faith    .   (armour currently unavailable)
rPois    +         Spirit   .   (helmet currently unavailable)
rElec    .         Reflect  .   (cloak currently unavailable)
rCorr    .         Harm     .   (gloves currently unavailable)
MR       +....     NoTele   +   (boots currently unavailable)
Stlth    +.........             (no amulet)
Regen    0.3/turn               r - ring of protection from magic
MPRegen  0.1/turn               (no ring)

@: tree-form
A: (retaliatory headbutt)
a: no special abilities


You were in an ossuary.
You were not hungry.
You were a tree.
You visited 1 branch of the dungeon, and saw 4 of its levels.
You also visited: Ossuary.

You collected 233 gold pieces.

Inventory:

Hand Weapons
 a - a +1 war axe (weapon)
Missiles
 e - 69 stones (quivered)
 h - 2 needles of paralysis
 l - 3 javelins
 m - 17 bolts
 n - 84 arrows
 o - 8 tomahawks
Armour
 b - a +0 scale mail (melded)
 c - a +0 shield (worn)
Jewellery
 r - a ring of protection from magic (left branch)
Scrolls
 t - a scroll of remove curse {unknown}
 v - a scroll of identify
Potions
 d - a potion of might
 i - a potion of heal wounds {unknown}
 j - a potion of haste {unknown}
 k - 2 potions of flight
 q - a potion of magic {unknown}
 s - a potion of cancellation {unknown}
Comestibles
 f - 5 bread rations
 p - a meat ration
 w - a chunk of flesh


   Skills:
 * Level 5.3 Fighting
 * Level 4.2 Axes
 * Level 5.1 Armour
 * Level 2.8 Dodging
 * Level 5.0 Shields


You had 5 spell levels left.
You didn't know any spells.

Dungeon Overview and Level Annotations

Branches:
Dungeon (4/15)
 Temple: D:4-7

Altars:
Dithmenos
Hepliaklqana
Kikubaaqudgha
Qazlal
Zin
The Shining One

Annotations:
D:3 Nr616's ghost, amateur MiGl Ossuary rexbael's ghost, novice FoFi


Innate Abilities, Weirdness & Mutations

((You reflexively headbutt those who attack you in melee.))
((You have a pair of horns on your head.))


Message History

Rexbael's ghost shrieks, "They lied to you.
The Dungeon just goes down and down forever."
Rexbael's ghost hits you but does no damage.
You block the elf zombie's attack. You block the mummy's attack.
You slash the elf zombie!
The elf zombie is almost destroyed.
You hit rexbael's ghost. You hit the mummy.
Rexbael's ghost hits you but does no damage.
The elf zombie hits you but does no damage.
You block rexbael's ghost's attack. You block the mummy's attack.
You barely miss the elf zombie.
The elf zombie is almost destroyed.
You hit rexbael's ghost but do no damage.
You hit the mummy but do no damage. You block the elf zombie's attack.
Rexbael's ghost hits you but does no damage.
You hit the elf zombie.
The elf zombie is almost destroyed.
You hit rexbael's ghost. You completely miss the mummy.
Rexbael's ghost hits you but does no damage.
You block the elf zombie's attack. The mummy hits you!
You die...

.................
.................
#...............
##...............
.................
.................
.................
......Z♣.∩.......
......MW.∩.......
.................
.................
.................
##...............
#...............
................
...............


You could see a mummy, rexbael's ghost and an elf zombie.

Vanquished Creatures
  An elf zombie (Ossuary)
  A human zombie (Ossuary)
  An orc wizard (D:3)
  Jessica (D:2)
  2 worker ants (D:4)
  A big kobold zombie (Ossuary)
  2 hound zombies (Ossuary)
  5 adders
  2 oozes
  An adder skeleton (D:4)
  4 worms
  A dart slug (D:2)
  2 leopard geckos (D:3)
  7 orcs
  3 giant cockroaches
  2 gnoll zombies (Ossuary)
  7 goblins
  5 hobgoblins
  5 jackals
  7 kobolds
  2 quokkas
  A ball python (D:2)
  9 bats
  11 frilled lizards
  A jackal zombie (Ossuary)
  3 kobold zombies (Ossuary)
  8 rats
95 creatures vanquished.

Notes
Turn   | Place    | Note
-------+----------+-------------------------------------------
     0 | D:1      | Chiseanne the Minotaur Fighter began the quest for the Orb.
     0 | D:1      | Reached XP level 1. HP: 19/19 MP: 0/0
   111 | D:1      | Reached XP level 2. HP: 19/27 MP: 1/1
   390 | D:1      | Reached skill level 1 in Dodging
   607 | D:2      | Reached XP level 3. HP: 33/33 MP: 2/2
   663 | D:2      | Noticed Jessica
   668 | D:2      | Killed Jessica
   672 | D:2      | Reached XP level 4. HP: 31/40 MP: 3/3
   921 | D:2      | Found a glowing silver altar of Zin.
   931 | D:2      | Found a glowing golden altar of the Shining One.
  1484 | D:3      | Noticed Nr616's ghost (amateur MiGl)
  1499 | D:3      | Reached XP level 5. HP: 45/47 MP: 4/4
  1701 | D:3      | Found a shadowy altar of Dithmenos.
  1701 | D:3      | Found a stormy altar of Qazlal.
  1702 | D:3      | Found an ancient bone altar of Kikubaaqudgha.
  2526 | D:4      | Found a hazy altar of Hepliaklqana.
  2564 | D:4      | Found a sand-covered staircase.
  2578 | Ossuary  | Entered an ossuary
  2588 | Ossuary  | Reached skill level 5 in Fighting
  2588 | Ossuary  | Reached XP level 6. HP: 23/56 MP: 5/5
  2588 | Ossuary  | Reached skill level 5 in Armour
  2590 | Ossuary  | Noticed rexbael's ghost (novice FoFi)
  2602 | Ossuary  | Reached skill level 5 in Shields
  2607 | Ossuary  | HP: 3/84 [rexbael's ghost (7)]
  2611 | Ossuary  | Mangled by a mummy

Skill      XL: |  1  2  3  4  5  6 |
---------------+-------------------+-----
Fighting       | 4 5 |  5.3
Dodging        | 1 2 |  2.8
Armour         | 4 5 |  5.1
Axes           | 3 4 |  4.2
Shields        | 4 5 |  5.0

Action                   |  1- 3 |  4- 6 || total
-------------------------+-------+-------++-------
Melee: War axe           |    66 |   168 ||   234
       Headbutt          |     3 |    28 ||    31
  Use: Scroll            |     3 |     5 ||     8
       Potion            |       |     3 ||     3
  Eat: Chunk             |       |     6 ||     6
Armor: Scale mail        |    50 |    92 ||   142
       Skin              |       |    47 ||    47
Dodge: Dodged            |    31 |    76 ||   107
Block: Shield            |    36 |   146 ||   182
